| TOP OF THE 1ST |
|
Hillsboro Hops batting - Pitching for Eugene Emeralds : LHP Bernard Grose
|
|
Pitching: LHP Bernard Grose
|
|
|
Batting: RHB Yasuo Nakata
|
0-0: Fly out, F6 (Popup, 6, EV 79.4 MPH)
|
|
Batting: RHB Larry Hardman
|
0-0: Swinging Strike 0-1: Called Strike 0-2: Ball 1-2: Foul Ball, location: 2F 1-2: TRIPLE (Flyball, 78XD, EV 103.1 MPH)
|
|
Batting: RHB Edgar Garcia
|
0-0: Called Strike 0-1: Fly out, F9 (Flyball, 9LS, EV 84.4 MPH)
|
|
Batting: RHB Chris Bittner
|
0-0: Called Strike 0-1: Swinging Strike 0-2: Ball 1-2: Ball 2-2: Ball 3-2: Strikes out swinging
|
| Top of the 1st over - 0 runs, 1 hit, 0 errors, 1 left on base; Hillsboro 0 - Eugene 0 |
| BOTTOM OF THE 1ST |
|
Eugene Emeralds batting - Pitching for Hillsboro Hops : LHP Haunani Moritiica
|
|
Pitching: LHP Haunani Moritiica
|
|
|
Batting: RHB Garrett Granata
|
0-0: Called Strike 0-1: Foul Ball, location: 2F 0-2: Ground out 6-3 (Groundball, 56, EV 106.9 MPH)
|
|
Batting: RHB Chris Slama
|
0-0: Called Strike 0-1: Called Strike 0-2: Ball 1-2: Foul Ball, location: 2F 1-2: Ball 2-2: Foul Ball, location: 2F 2-2: Ball 3-2: Foul Ball, location: 2F 3-2: Ground out 4-3 (Groundball, 13, EV 80.6 MPH)
|
|
Batting: RHB Francisco Ramirez
|
0-0: Foul Ball, location: 2F 0-1: Foul Ball, location: 2F 0-2: Ball 1-2: Ground out 4-3 (Groundball, 4, EV 103.8 MPH)
|
| Bottom of the 1st over - 0 runs, 0 hits, 0 errors, 0 left on base; Hillsboro 0 - Eugene 0 |
| TOP OF THE 2ND |
|
Hillsboro Hops batting - Pitching for Eugene Emeralds : LHP Bernard Grose
|
|
Batting: RHB Jeremy Adams
|
0-0: Called Strike 0-1: Ball 1-1: Called Strike 1-2: Strikes out swinging
|
|
Batting: SHB Mike Kiefer
|
0-0: Swinging Strike 0-1: Foul Ball, location: 2F 0-2: Ball 1-2: Strikes out swinging
|
|
Batting: RHB Bryan Shuller
|
0-0: Called Strike 0-1: Fly out, F7 (Flyball, 7S, EV 81.3 MPH)
|
| Top of the 2nd over - 0 runs, 0 hits, 0 errors, 0 left on base; Hillsboro 0 - Eugene 0 |
| BOTTOM OF THE 2ND |
|
Eugene Emeralds batting - Pitching for Hillsboro Hops : LHP Haunani Moritiica
|
|
Batting: LHB Trevor Spaulding
|
0-0: Ball 1-0: Swinging Strike 1-1: Foul Ball, location: 2F 1-2: Ground out 3-1 (Groundball, 34S, EV 88.8 MPH)
|
|
Batting: LHB Mark Huey
|
0-0: Ball 1-0: SINGLE (Groundball, 6S, EV 65.6 MPH) (infield hit)
|
|
Batting: SHB Bob Hamilton
|
0-0: Ball 1-0: Grounds into double play, 6-4-3 (Groundball, 6, EV 85.6 MPH)
|
| Bottom of the 2nd over - 0 runs, 1 hit, 0 errors, 0 left on base; Hillsboro 0 - Eugene 0 |
| TOP OF THE 3RD |
|
Hillsboro Hops batting - Pitching for Eugene Emeralds : LHP Bernard Grose
|
|
Batting: RHB Trevor Corey
|
0-0: Ground out 6-3 (Groundball, P, EV 83.1 MPH)
|
|
Batting: RHB Brandon Joshua
|
0-0: Hit by Pitch
|
|
Batting: RHB Yasuo Nakata
|
0-0: Called Strike Brandon Joshua steals 2nd base (no throw) 0-1: Ball 1-1: Foul Ball, location: 2F 1-2: Ball 2-2: Foul Ball, location: 2F 2-2: Ground out 4-3 (Groundball, 4M, EV 108.8 MPH) Brandon Joshua to third
|
|
Batting: RHB Larry Hardman
|
0-0: Ball 1-0: Ball 2-0: Foul Ball, location: 2F 2-1: Ball 3-1: Fly out, F4 (Line Drive, 4, EV 66.9 MPH)
|
| Top of the 3rd over - 0 runs, 0 hits, 0 errors, 1 left on base; Hillsboro 0 - Eugene 0 |
| BOTTOM OF THE 3RD |
|
Eugene Emeralds batting - Pitching for Hillsboro Hops : LHP Haunani Moritiica
|
|
Batting: RHB Brian Gargis
|
0-0: Called Strike 0-1: Called Strike 0-2: Ball 1-2: Strikes out swinging
|
|
Batting: RHB Adam Kelliher
|
0-0: SINGLE (Line Drive, 6M, EV 94.4 MPH)
|
|
Batting: RHB Jonathan Ridgely
|
0-0: Ball 1-0: Called Strike 1-1: Called Strike Adam Kelliher steals 2nd base 1-2: Strikes out swinging
|
|
Batting: RHB Garrett Granata
|
0-0: Ball 1-0: Called Strike 1-1: Swinging Strike 1-2: Ground out 2-3 (Groundball, 15S, EV 68.1 MPH)
|
| Bottom of the 3rd over - 0 runs, 1 hit, 0 errors, 1 left on base; Hillsboro 0 - Eugene 0 |
| TOP OF THE 4TH |
|
Hillsboro Hops batting - Pitching for Eugene Emeralds : LHP Bernard Grose
|
|
Batting: RHB Edgar Garcia
|
0-0: Ball 1-0: Ball 2-0: Foul Ball, location: 2F 2-1: Ball 3-1: Foul Ball, location: 2F 3-2: Base on Balls
|
|
Batting: RHB Chris Bittner
|
0-0: Called Strike 0-1: Ball 1-1: Fielders Choice at 2nd, 1-4 (Groundball, 15S, EV 74.4 MPH)
|
|
Batting: RHB Jeremy Adams
|
0-0: Fielders Choice at 2nd, 1-4 (Groundball, 15S, EV 75.0 MPH)
|
|
Batting: SHB Mike Kiefer
|
0-0: Called Strike 0-1: Fly out, F8 (Flyball, 78D, EV 89.4 MPH)
|
| Top of the 4th over - 0 runs, 0 hits, 0 errors, 1 left on base; Hillsboro 0 - Eugene 0 |
| BOTTOM OF THE 4TH |
|
Eugene Emeralds batting - Pitching for Hillsboro Hops : LHP Haunani Moritiica
|
|
Batting: RHB Chris Slama
|
0-0: Called Strike 0-1: Swinging Strike 0-2: Ball 1-2: Ground out 1-3 (Groundball, P, EV 75.6 MPH)
|
|
Pitching: RHP Pat Green
|
|
|
Batting: RHB Francisco Ramirez
|
0-0: Swinging Strike 0-1: Foul Ball, location: 2F 0-2: Strikes out swinging
|
|
Batting: LHB Trevor Spaulding
|
0-0: Called Strike 0-1: Fly out, F8 (Flyball, 8RD, EV 83.1 MPH)
|
| Bottom of the 4th over - 0 runs, 0 hits, 0 errors, 0 left on base; Hillsboro 0 - Eugene 0 |
| TOP OF THE 5TH |
|
Hillsboro Hops batting - Pitching for Eugene Emeralds : LHP Bernard Grose
|
|
Batting: RHB Bryan Shuller
|
0-0: Called Strike 0-1: Called Strike 0-2: Strikes out swinging
|
|
Batting: RHB Trevor Corey
|
0-0: Called Strike 0-1: Foul Ball, location: 2F 0-2: Strikes out swinging
|
|
Batting: RHB Brandon Joshua
|
0-0: Ball 1-0: Ball 2-0: Ball 3-0: Base on Balls
|
|
Batting: RHB Yasuo Nakata
|
0-0: Ball 1-0: Called Strike 1-1: Ball 2-1: Ball 3-1: Swinging Strike 3-2: Foul Ball, location: 2F 3-2: Ground out 2-3 (Groundball, 2L, EV 71.3 MPH)
|
| Top of the 5th over - 0 runs, 0 hits, 0 errors, 1 left on base; Hillsboro 0 - Eugene 0 |
| BOTTOM OF THE 5TH |
|
Eugene Emeralds batting - Pitching for Hillsboro Hops : RHP Pat Green
|
|
Batting: LHB Mark Huey
|
0-0: Ball 1-0: Ball 2-0: Ball 3-0: Called Strike 3-1: Swinging Strike 3-2: Foul Ball, location: 2F 3-2: Base on Balls
|
|
Batting: SHB Bob Hamilton
|
0-0: Called Strike Mark Huey steals 2nd, throwing error, E2 Mark Huey to third 0-1: Ball 1-1: Ball 2-1: Ball 3-1: Foul Ball, location: 2F 3-2: Strikes out swinging
|
|
Batting: RHB Brian Gargis
|
0-0: Swinging Strike 0-1: Ball 1-1: Fly out, F8 (Flyball, 89D, EV 84.4 MPH) Runner from 3rd tags up, OUT at HOME! 8-2
|
| Bottom of the 5th over - 0 runs, 0 hits, 1 error, 0 left on base; Hillsboro 0 - Eugene 0 |
| TOP OF THE 6TH |
|
Hillsboro Hops batting - Pitching for Eugene Emeralds : LHP Bernard Grose
|
|
Batting: RHB Larry Hardman
|
0-0: Fly out, F8 (Line Drive, 8LM, EV 93.1 MPH)
|
|
Batting: RHB Edgar Garcia
|
0-0: Ball 1-0: Called Strike 1-1: Ball 2-1: Swinging Strike 2-2: Foul Ball, location: 2F 2-2: Ball 3-2: Foul Ball, location: 2F 3-2: Fly out, F3 (Flyball, 3D, EV 90.6 MPH)
|
|
Batting: RHB Chris Bittner
|
0-0: Ball 1-0: Ball 2-0: Called Strike 2-1: Ball 3-1: Base on Balls
|
|
Pitching: RHP Josh Ready
|
|
|
Batting: RHB Jeremy Adams
|
0-0: Ball 1-0: Called Strike 1-1: Called Strike 1-2: Strikes out swinging
|
| Top of the 6th over - 0 runs, 0 hits, 0 errors, 1 left on base; Hillsboro 0 - Eugene 0 |
| BOTTOM OF THE 6TH |
|
Eugene Emeralds batting - Pitching for Hillsboro Hops : RHP Pat Green
|
|
Batting: RHB Adam Kelliher
|
0-0: Ground out 6-3 (Groundball, 6S, EV 88.1 MPH)
|
|
Batting: RHB Jonathan Ridgely
|
0-0: SINGLE (Line Drive, 89S, EV 93.8 MPH)
|
|
Batting: RHB Garrett Granata
|
0-0: Ball 1-0: Called Strike 1-1: Ball 2-1: Ball 3-1: Base on Balls Jonathan Ridgely to second
|
|
Batting: RHB Chris Slama
|
0-0: Ball 1-0: Called Strike 1-1: Swinging Strike 1-2: Ball 2-2: Ball 3-2: Strikes out swinging
|
|
Batting: RHB Francisco Ramirez
|
0-0: Foul Ball, location: 2F 0-1: Hit by Pitch Jonathan Ridgely to third Garrett Granata to second
|
|
Batting: LHB Trevor Spaulding
|
0-0: Called Strike 0-1: Swinging Strike 0-2: Ball 1-2: Fielders Choice at 2nd, 5-4 (Groundball, 5, EV 81.9 MPH)
|
| Bottom of the 6th over - 0 runs, 1 hit, 0 errors, 3 left on base; Hillsboro 0 - Eugene 0 |
| TOP OF THE 7TH |
|
Hillsboro Hops batting - Pitching for Eugene Emeralds : RHP Josh Ready
|
|
Batting: SHB Mike Kiefer
|
0-0: Ball 1-0: Ground out U3 (Groundball, 3L, EV 108.1 MPH)
|
|
Batting: RHB Bryan Shuller
|
0-0: Called Strike 0-1: Foul Ball, location: 2F 0-2: Hit by Pitch
|
|
Batting: RHB Trevor Corey
|
0-0: Called Strike 0-1: Called Strike 0-2: Ball 1-2: Ball 2-2: Strikes out looking
|
|
Pinch Hitting: LHB Andy Wilmoth
|
0-0: Ball 1-0: Ball 2-0: Swinging Strike 2-1: Foul Ball, location: 2F 2-2: Foul Ball, location: 2F 2-2: Strikes out swinging
|
| Top of the 7th over - 0 runs, 0 hits, 0 errors, 1 left on base; Hillsboro 0 - Eugene 0 |
| BOTTOM OF THE 7TH |
|
Eugene Emeralds batting - Pitching for Hillsboro Hops : RHP Pat Green
|
|
Now at 2B: Larry Valencia
|
|
|
Now at SS: Bryan Shuller
|
|
|
Batting: LHB Mark Huey
|
0-0: Ball 1-0: Ball 2-0: Called Strike 2-1: Ball 3-1: Base on Balls
|
|
Batting: SHB Bob Hamilton
|
0-0: Called Strike 0-1: Called Strike 0-2: Ball 1-2: Ball 2-2: Strikes out swinging
|
|
Batting: RHB Brian Gargis
|
0-0: Called Strike 0-1: Ball 1-1: Swinging Strike 1-2: Strikes out swinging
|
|
Pitching: RHP Guillermo Gonzalez
|
|
|
Pinch Hitting: LHB Kwang-chih Men
|
0-0: Called Strike 0-1: Foul Ball, location: 2F 0-2: Ground out 4-3 (Groundball, 34, EV 86.3 MPH)
|
| Bottom of the 7th over - 0 runs, 0 hits, 0 errors, 1 left on base; Hillsboro 0 - Eugene 0 |
| TOP OF THE 8TH |
|
Hillsboro Hops batting - Pitching for Eugene Emeralds : RHP Josh Ready
|
|
Now at 3B: Kwang-chih Men
|
|
|
Batting: RHB Yasuo Nakata
|
0-0: Ball 1-0: Foul Ball, location: 2F 1-1: Swinging Strike 1-2: Ball 2-2: DOUBLE (Groundball, 5L, EV 101.9 MPH)
|
|
Batting: RHB Larry Hardman
|
0-0: Ball 1-0: Called Strike 1-1: Bunted foul 1-2: Foul Ball, location: 2F 1-2: Ball 2-2: Ball 3-2: Ground out 5-3 (Groundball, 56S, EV 85.6 MPH)
|
|
Batting: RHB Edgar Garcia
|
0-0: Intentional Walk
|
|
Batting: RHB Chris Bittner
|
0-0: Ball Yasuo Nakata is caught stealing 3rd base 2-5 Edgar Garcia to second 1-0: Ball 2-0: Ground out 4-3 (Groundball, 4MS, EV 65.0 MPH)
|
| Top of the 8th over - 0 runs, 1 hit, 0 errors, 1 left on base; Hillsboro 0 - Eugene 0 |
| BOTTOM OF THE 8TH |
|
Eugene Emeralds batting - Pitching for Hillsboro Hops : RHP Guillermo Gonzalez
|
|
Batting: RHB Jonathan Ridgely
|
0-0: Ground out 6-3 (Groundball, 6, EV 90.0 MPH)
|
|
Batting: RHB Garrett Granata
|
0-0: Foul Ball, location: 2F 0-1: Ball 1-1: Ground out 4-3 (Groundball, 4, EV 101.9 MPH)
|
|
Batting: RHB Chris Slama
|
0-0: Called Strike 0-1: Ground out U3 (Groundball, 34S, EV 86.9 MPH)
|
| Bottom of the 8th over - 0 runs, 0 hits, 0 errors, 0 left on base; Hillsboro 0 - Eugene 0 |
| TOP OF THE 9TH |
|
Hillsboro Hops batting - Pitching for Eugene Emeralds : RHP Josh Ready
|
|
Pitching: LHP Mike Alexander
|
|
|
Batting: RHB Jeremy Adams
|
0-0: Foul Ball, location: 2F 0-1: Called Strike 0-2: Foul Ball, location: 2F 0-2: Strikes out swinging
|
|
Batting: SHB Mike Kiefer
|
0-0: Ball 1-0: Ball 2-0: Ground out 4-3 (Groundball, 4S, EV 66.9 MPH)
|
|
Batting: RHB Bryan Shuller
|
0-0: Ball 1-0: Called Strike 1-1: Fly out, F7 (Flyball, 78M, EV 84.4 MPH)
|
| Top of the 9th over - 0 runs, 0 hits, 0 errors, 0 left on base; Hillsboro 0 - Eugene 0 |
| BOTTOM OF THE 9TH |
|
Eugene Emeralds batting - Pitching for Hillsboro Hops : RHP Guillermo Gonzalez
|
|
Batting: RHB Francisco Ramirez
|
0-0: Ball 1-0: Ball 2-0: Foul Ball, location: 2F 2-1: Foul Ball, location: 2F 2-2: Ball 3-2: Foul Ball, location: 2F 3-2: DOUBLE (Flyball, 8LXD, EV 93.1 MPH)
|
|
Batting: LHB Trevor Spaulding
|
0-0: DOUBLE (Line Drive, 89D, EV 101.3 MPH) Francisco Ramirez scores
|
| Bottom of the 9th over - 1 run, 2 hits, 0 errors, 0 left on base; Hillsboro 0 - Eugene 1 |
| |
|
Game Over ... Eugene defeats Hillsboro, 1 to 0
|
|
|